 Seeded DCSS version 0.28-a0-60-g54b5640690 (webtiles) character file.

Game seed: 10059646100062695582 (custom seed)

2 flotson the Sneak (level 1, -1/18 HPs)
             Began as a Demonspawn Delver on July 30, 2021.
             Slain by a centaur zombie (3 damage)
             ... on level 4 of the Dungeon.
             The game lasted 00:01:26 (274 turns).

flotson the Sneak (Demonspawn Delver)                Turns: 274, Time: 00:01:26

Health: -1/18      AC:  3    Str: 12    XL:     1   Next: 25%
Magic:  1/1        EV: 11    Int: 11    God:
Gold:   0          SH:  0    Dex: 14    Spells: 0/0 levels left

rFire   . . .      SeeInvis .   a - +0 hand axe
rCold   . . .      Faith    .   (no shield)
rNeg    . . .      Spirit   .   b - +0 leather armour
rPois   .          Reflect  .   (no helmet)
rElec   .          Harm     .   (no cloak)
rCorr   .          Rampage  .   (no gloves)
Will    .....                   (no boots)
Stlth   ++........              (no amulet)
HPRegen 0.06/turn               (no ring)
MPRegen 0.07/turn               (no ring)

@: no status effects
A: no striking features
a: no special abilities


You were on level 4 of the Dungeon.
You visited 1 branch of the dungeon, and saw 3 of its levels.

Inventory:

Hand Weapons
 a - a +0 hand axe (weapon)
Armour
 b - a +0 leather armour (worn)
Wands
 g - a wand of digging (3)
Scrolls
 c - 2 scrolls of fog
 e - a scroll of fear


   Skills:
 + Level 3.0 Fighting
 + Level 1.7 Axes
 + Level 0.3 Armour
 + Level 1.7 Dodging
 + Level 4.5 Stealth


You couldn't memorise any spells.
You didn't know any spells.
Your spell library was empty.

Dungeon Overview and Level Annotations

Branches:
Dungeon (5/15)
 Temple: D:4-7

Altars:

Annotations:
D:4 Robin


Message History

You hit the ball python.
You kill the ball python!
No target in view!
No target in view!
No target in view!
No target in view!
No target in view!
No target in view!
You see here a scroll of fog.
c - 2 scrolls of fog (gained 1)
A centaur zombie is nearby!
Found 10 sling bullets.
The centaur zombie hits you. The centaur zombie kicks you.
You barely miss the centaur zombie. The centaur zombie closely misses you.
The centaur zombie barely misses you.
You completely miss the centaur zombie. The centaur zombie hits you.
The centaur zombie barely misses you. The centaur zombie hits you.
The centaur zombie closely misses you.
You barely miss the centaur zombie. The centaur zombie hits you.
The centaur zombie kicks you. The centaur zombie barely misses you.
The centaur zombie kicks you.
You are too injured to fight recklessly!
You are too injured to fight recklessly!
You hit the centaur zombie.
The centaur zombie is lightly damaged.
The centaur zombie closely misses you. x2
You hit the centaur zombie.
The centaur zombie is lightly damaged.
The centaur zombie hits you. The centaur zombie barely misses you.
The centaur zombie hits you.
The centaur zombie kicks you but does no damage.
You hit the centaur zombie.
The centaur zombie is moderately damaged.
The centaur zombie hits you.
* * * LOW HITPOINT WARNING * * *
The centaur zombie misses you.
You hit the centaur zombie.
The centaur zombie is moderately damaged.
The centaur zombie hits you.
You die...

# # . .#
#####.##.
#(#.....
#...#.## # #
#...Z(.#
###.#.#..@...#
....$>##.###.#
#.......#.#.###
#+####...†....#
#.####..##
##.......#
#.....<#.#
#.######.# #.#
#.#


You could see a centaur zombie.

Vanquished Creatures
  A hobgoblin (D:4)
  A ball python (D:4)
2 creatures vanquished.

Notes
Turn   | Place    | Note
-------+----------+-------------------------------------------
     0 | D:5      | flotson the Demonspawn Delver began the quest for the Orb.
     0 | D:5      | Reached XP level 1. HP: 18/18 MP: 1/1
     6 | D:5      | Noticed a scorpion
    72 | D:5      | Noticed a phantom
    79 | D:5      | Noticed an orc warrior
    83 | D:5      | Noticed an orc priest
   159 | D:4      | Noticed Robin
   274 | D:4      | Slain by a centaur zombie

Illustrated notes

Levels and vault maps discovered:
D:3:      layout_basic, kennysheep_ying_yang, grunt_ministairs_13
D:4:      layout_basic, minmay_temple_entry_glass, uniq_robin, uniq_ijyb
D:5:      layout_gridville

Action                   || total
-------------------------++-------
Melee: Hand axe          ||    11
  Use: Scroll            ||     2
       Potion            ||     1
 Stab: Sleeping          ||     1
Armor: Leather armour    ||     1
Dodge: Dodged            ||    11

Table legend: (Time is in decaauts)
 A = Elapsed time spent in this place.
 B = Non-inter-level travel time spent in this place.
 C = Inter-level travel time spent in this place.
 D = Time resting spent in this place.
 E = Time spent auto-exploring this place.
 F = Levels seen in this place.
 G = Mean time per level.
                   A        B        C        D        E       F      G
               +--------+--------+--------+--------+--------+-----+--------+
         Total |    259 |    259 |      0 |      0 |     88 |   3 |   86.3 |
       Dungeon |    259 |    259 |      0 |      0 |     88 |   3 |   86.3 |
               +--------+--------+--------+--------+--------+-----+--------+

Top non-repeatable levels by time:
     D:4: 137 daAuts
     D:5: 119 daAuts
     D:3: 1 daAuts
